 Dungeon Crawl Stone Soup version 0.30.1-1-g62c8e00024 (webtiles) character file.

Game seed: 4138028362640091409

2565 Heoruswealwe the Thaumaturge (level 9, -5/45 HPs)
             Began as a Deep Elf Conjurer on July 15, 2023.
             Shot with a sling bullet by Joseph (17 damage)
             ... on level 7 of the Dungeon on July 16, 2023.
             The game lasted 01:12:02 (5435 turns).

Heoruswealwe the Thaumaturge (Deep Elf Conjurer)    Turns: 5435, Time: 01:12:02

Health: -5/45      AC:  3    Str:  4    XL:     9   Next: 31%
Magic:  19/45      EV: 12    Int: 28    God:
Gold:   306        SH:  0    Dex: 13    Spells: 18/32 levels left

rFire   + + +        b - +6 hand axe of Narrow Fortitude {protect, *Corrode rElec rF+++ MP+9}
rCold   . . .        (no shield)
rNeg    . . .        c - +0 robe
rPois   .            (no helmet)
rElec   +            h - +0 cloak {rCorr}
rCorr   +            (no gloves)
SInv    +            (no boots)
Will    .....        (no amulet)
Stlth   ++           k - ring of magical power
HPRegen 0.27/turn    j - ring of see invisible
MPRegen 0.29/turn

%: corrode self (3%)
@: no status effects
A: no striking features
a: no special abilities


You were on level 7 of the Dungeon.
You visited 2 branches of the dungeon, and saw 8 of its levels.

You collected 396 gold pieces.
You spent 90 gold pieces at shops.

Inventory:

Hand Weapons
 b - the +6 hand axe of Narrow Fortitude (weapon) {protect, *Corrode rElec rF+++ MP+9}
   (You found it on level 3 of the Dungeon)

   rF:        It renders you almost immune to fire.
   rElec:     It insulates you from electricity.
   MP:        It affects your magic capacity (+9).
   *Corrode:  It may corrode you when you take damage.
 o - a +3 heavy rapier
Armour
 c - a +0 robe (worn)
 h - a +0 cloak of preservation (worn)
Magical Staves
 q - a staff of earth
Jewellery
 j - a ring of see invisible (right hand)
 k - a ring of magical power (left hand)
Wands
 g - a wand of roots (13)
Scrolls
 e - a scroll of amnesia
 f - 7 scrolls of teleportation
 m - a scroll of immolation
 p - a scroll of enchant armour
 s - a scroll of blinking
 v - a scroll of fog
 x - a scroll of magic mapping
Potions
 a - a potion of heal wounds {unknown}
 d - a potion of invisibility {unknown}
 i - a potion of might {unknown}
 n - 3 potions of brilliance {unknown}
 r - a potion of ambrosia {unknown}
 t - a potion of magic
 u - 3 potions of mutation {unknown}
 w - a potion of curing
 A - a potion of lignification {unknown}
 B - a potion of haste
 C - a potion of cancellation {unknown}


   Skills:
 - Level 2.4 Dodging
 - Level 2.4 Stealth
 + Level 12.0 Spellcasting
 + Level 10.8 Conjurations


You had 18 spell levels left.
You knew the following spells:

 Your Spells              Type           Power      Damage    Failure   Level
a - Magic Dart            Conj           100%       1d8       1%          1
b - Searing Ray           Conj           100%       2d8       1%          2
c - Dazzling Flash        Conj/Hex       94%        N/A       1%          3
d - Fulminant Prism       Conj/Hex       23%        3d12      3%          4
e - Iskenderun's Mystic   Conj/Tloc      47%        2d10      3%          4

Your spell library contained the following spells:

 Spells                   Type           Power      Damage    Failure   Level
 Necrotise                Necr           64%        1d7       3%          1
 Ozocubu's Armour         Ice            16%        N/A       10%         3
 Vampiric Draining        Necr           16%        2d7       10%         3
 Agony                    Necr           16%        N/A       65%         5
 Ozocubu's Refrigeration  Ice            8%         4d9       100%        7


Dungeon Overview and Level Annotations

Branches:
Dungeon (7/15)             Temple (1/1) D:5

Altars:
Ashenzari
Cheibriados
Dithmenos
Elyvilon
Fedhas
Makhleb
Okawaru
Ru
Sif Muna
Trog
Uskayaw
Yredelemnul
Zin

Shops:
D:3 :

Annotations:
D:7 Joseph


Message History

Aim: an orc, wielding a +0 club and wearing a +0 chain mail (heavily wounded, 87% to hit)
The searing ray hits the orc.
You kill the orc! (Press . to maintain the ray.)
You hear a shout!
An orc comes into view. It is wielding a +0 short sword.
Joseph, a Mercenary comes into view.
He is wielding a +0 heavy quarterstaff.
Casting: Searing Ray (safe; 1% risk of failure)
Confirm with . or Enter, or press ? or * to list all spells.
Restarting spell: Searing Ray (safe; 1% risk of failure)
Press: ? - help, Shift-Dir - straight line, f - bullfrog
Aim: a bullfrog (79% to hit)
The searing ray hits the bullfrog!
The bullfrog is moderately wounded. (Press . to maintain the ray.) Joseph unwields a +0 heavy quarterstaff.
Joseph wields a +0 sling.
Joseph shoots a sling bullet.
The sling bullet closely misses you.
The searing ray hits the bullfrog!
The bullfrog is almost dead.
The bullfrog hits you.
Joseph shoots a sling bullet.
The sling bullet hits you.
The searing ray hits the bullfrog.
You kill the bullfrog!
Your Spellcasting skill increases to level 12!
Casting: Searing Ray (safe; 1% risk of failure)
Confirm with . or Enter, or press ? or * to list all spells.
Restarting spell: Searing Ray (safe; 1% risk of failure)
Press: ? - help, Shift-Dir - straight line, f - orc
Aim: an orc, wielding a +0 short sword (83% to hit)
The searing ray hits the orc!
You kill the orc! (Press . to maintain the ray.) Joseph shoots a sling bullet.
The sling bullet hits you!
* * * LOW HITPOINT WARNING * * *
Things that are here:
a +0 short sword; an orc corpse Joseph shoots a sling bullet.
The sling bullet barely misses you.
There is a stone staircase leading up here.
Joseph shoots a sling bullet.
The sling bullet hits you!
You die...

#.......# #.......#
#.......#
..######.....##
..@...#.......#
...@.........##
...#.>......###.#.
##.##.............
##...#.)@..##....
#...)..##......#
#.#..[รท.)).#..##
#.#.....#....##
#...............
###...........##.#
#............... #
.##.##.......#..#..
...$......#.......#


You could see Joseph.

Vanquished Creatures
  Pikel (D:5)
  Sigmund (D:3)
  2 orc warriors
  2 ice beasts (D:7)
  A centaur (D:7)
  A lemure (D:5)
  2 phantoms
  3 bullfrogs
  4 scorpions
  3 jellies
  Crazy Yiuf (D:2)
  A gnoll bouda (D:6)
  An orc priest (D:3)
  4 hounds
  Jessica (D:3)
  5 iguanas
  A sleepcap (D:3)
  Natasha (thrice) (D:3)
  2 orc wizards (D:6)
  6 gnolls
  12 adders
  A shadow imp (D:6)
  A white imp (D:7)
  2 ufetubi (D:5)
  A worm (D:2)
  3 dart slugs
  15 orcs
  9 ball pythons
  4 bats
  6 endoplasms
  5 giant cockroaches
  10 goblins
  7 hobgoblins
  4 jackals (D:2)
  2 quokkas
  8 frilled lizards
  7 kobolds
  5 rats
147 creatures vanquished.

Vanquished Creatures (others)
  4 fulminant prisms (D:7)
4 creatures vanquished.

Grand Total: 151 creatures vanquished

Notes
Turn   | Place    | Note
-------+----------+-------------------------------------------
     0 | D:1      | Heoruswealwe the Deep Elf Conjurer began the quest for the
                  | Orb.
     0 | D:1      | Reached XP level 1. HP: 10/10 MP: 6/6
   131 | D:1      | Reached XP level 2. HP: 15/15 MP: 3/8
   134 | D:1      | Learned a level 2 spell: Searing Ray
   336 | D:1      | Reached skill level 4 in Spellcasting
   360 | D:1      | Reached XP level 3. HP: 19/19 MP: 10/10
   364 | D:1      | Learned a level 3 spell: Dazzling Flash
   384 | D:1      | Reached skill level 5 in Conjurations
   594 | D:2      | Found a runed translucent door.
   595 | D:2      | Noticed Crazy Yiuf
   601 | D:2      | Killed Crazy Yiuf
   647 | D:2      | Reached XP level 4. HP: 24/24 MP: 12/12
   652 | D:2      | Learned a level 4 spell: Fulminant Prism
   682 | D:2      | Found a broken altar of Ashenzari.
   697 | D:2      | Found a faded altar of an unknown god.
   742 | D:2      | Reached skill level 5 in Spellcasting
   933 | D:2      | Reached XP level 5. HP: 18/28 MP: 11/14
   938 | D:2      | Learned a level 4 spell: Iskenderun's Mystic Blast
  1187 | D:3      | Noticed Natasha
  1193 | D:3      | Killed Natasha
  1256 | D:3      | Identified the +6 hand axe of Narrow Fortitude {protect,
                  | *Corrode rElec rF+++ MP+9}
  1450 | D:3      | Found Zin's Purification Station.
  1456 | D:3      | Found a glowing silver altar of Zin.
  1546 | D:3      | Found Beizeaf's Book Boutique.
  1559 | D:3      | Noticed Natasha
  1563 | D:3      | Reached skill level 6 in Spellcasting
  1565 | D:3      | Killed Natasha
  1641 | D:3      | Noticed Sigmund
  1648 | D:3      | Killed Sigmund
  1649 | D:3      | Reached skill level 7 in Spellcasting
  1649 | D:3      | Reached XP level 6. HP: 24/32 MP: 18/18
  1718 | D:3      | Noticed Jessica
  1720 | D:3      | Killed Jessica
  2008 | D:3      | Noticed Natasha
  2013 | D:3      | Killed Natasha
  2042 | D:3      | Bought a potion of curing for 90 gold pieces
  2295 | D:4      | Reached XP level 7. HP: 36/36 MP: 19/19
  2557 | D:4      | Identified the +7 trident "Beetleslayer" {freeze, +Blink
                  | rC+ rCorr Str-5}
  2871 | D:4      | Reached skill level 8 in Spellcasting
  3043 | D:5      | Entered Level 5 of the Dungeon
  3045 | D:5      | Noticed Pikel
  3062 | D:5      | Killed Pikel
  3063 | D:5      | Reached skill level 9 in Spellcasting
  3063 | D:5      | Reached XP level 8. HP: 19/41 MP: 23/23
  3179 | D:5      | Found a staircase to the Ecumenical Temple.
  3188 | Temple   | Entered the Ecumenical Temple
  3720 | D:5      | Reached skill level 10 in Spellcasting
  3776 | D:5      | Found a sacrificial altar of Ru.
  4075 | D:5      | You fall into a shaft and drop 2 floors!
  4668 | D:6      | Reached skill level 11 in Spellcasting
  4668 | D:6      | Reached skill level 10 in Conjurations
  4747 | D:6      | Reached XP level 9. HP: 45/45 MP: 26/26
  5053 | D:6      | Found a blossoming altar of Fedhas.
  5427 | D:7      | Noticed Joseph
  5431 | D:7      | Reached skill level 12 in Spellcasting
  5435 | D:7      | Shot with a sling bullet by Joseph

Illustrated notes

Levels and vault maps discovered:
D:1:      dpeg_arrival_round_a, layout_rooms
D:2:      layout_basic, ebering_ecumenical_altar_webs, basic_altar,
          uniq_crazy_yiuf_cottage
D:3:      layout_loops_cross, zin_purify, serial_shops, shop, uniq_sigmund,
          uniq_jessica, uniq_natasha
D:4:      layout_basic
D:5:      layout_basic, nicolae_ru_the_path_less_chosen,
          minmay_temple_entry_junction, uniq_pikel
D:6:      layout_basic, amcnicky_altar_gilded,
          nicolae_concentric_dashed_squares_mild, corexii_corridor_pit,
          st_stairs_2
D:7:      layout_rooms, uniq_joseph
Temple:   kb_temple_of_zot

Skill      XL: |  1  2  3  4  5  6  7  8  9 |
---------------+----------------------------+-----
Spellcasting   | 4 5 7 9 11 12 | 12.0
Conjurations   | 5 6 7 8 10 | 10.8
Dodging        | |  2.4
Stealth        | |  2.4

Action                     |  1- 3 |  4- 6 |  7- 9 || total
---------------------------+-------+-------+-------++-------
  Melee: Unarmed           |     7 |       |       ||     7
         Punch             |     2 |       |       ||     2
         Hand axe          |       |       |    12 ||    12
   Cast: Magic Dart        |    47 |   105 |   114 ||   266
         Searing Ray       |     1 |    10 |    27 ||    38
         Iskenderun's Myst |       |       |     1 ||     1
         Fulminant Prism   |       |       |     4 ||     4
    Use: Scroll            |       |     6 |    10 ||    16
         Potion            |       |       |     3 ||     3
 Armour: Robe              |       |     4 |     5 ||     9
  Dodge: Dodged            |       |    11 |    16 ||    27
